 Dungeon Crawl Stone Soup version 0.19-a0-1672-g679cadd (webtiles) character file.

15480 PurpleRed the Destroyer (level 12, -6/59 HPs)
             Began as a Deep Elf Conjurer on Sept 22, 2016.
             Was an Elder of Vehumet.
             Killed from afar by Nergalle (26 damage)
             ... with a bolt of negative energy
             ... on level 2 of the Lair of Beasts.
             The game lasted 00:51:05 (3910 turns).

PurpleRed the Destroyer (Deep Elf Conjurer)         Turns: 3910, Time: 00:51:05

Health: -6/59      AC:  7    Str:  5    XL:     12   Next: 1%
Magic:  7/31       EV: 12    Int: 26    God:    Vehumet [****..]
Gold:   468        SH:  0    Dex: 15    Spells: 5 memorised, 20 levels left

rFire  + . .     SeeInvis +     x - +2 war axe (venom)
rCold  . . .     Gourm    +     D - +2 robe {rF+}
rNeg   . . .     Faith    .     (no shield)
rPois  .         Spirit   .     (no helmet)
rElec  .         Dismiss  .     B - +0 cloak
rCorr  .         Reflect  .     h - +0 pair of gloves
MR     +++..     Harm     .     q - +0 pair of boots
Stlth  ++........               O - amulet of the gourmand
                                j - ring of protection from magic
                                l - ring of see invisible

@: lethally poisoned (-6 -> -6), drained
A: claws 1, magic resistance 1
a: Renounce Religion


You were on level 2 of the Lair of Beasts.
You worshipped Vehumet.
Vehumet was greatly pleased with you.
You were hungry.

You visited 2 branches of the dungeon, and saw 15 of its levels.

You collected 468 gold pieces.

Inventory:

Hand Weapons
 w - a +1 blowgun
 x - a +2 war axe of venom (weapon)
Missiles
 g - 5 curare-tipped needles
 z - 12 poisoned needles
Armour
 h - a +0 pair of gloves (worn)
 p - a +0 leather armour of poison resistance
 q - a +0 pair of boots (worn)
 B - a +0 cloak (worn)
 D - a +2 robe of fire resistance (worn)
Magical Staves
 H - an uncursed staff of cold
 J - an uncursed staff of air
 N - an uncursed staff of wizardry
Jewellery
 e - an uncursed amulet of rage
 j - a ring of protection from magic (right hand)
 l - a ring of see invisible (left hand)
 t - an uncursed ring of flight
 G - an uncursed ring of wizardry
 O - an amulet of the gourmand (around neck)
Wands
 k - a wand of confusion (17/48)
 r - a wand of lightning (0/15)
 C - a wand of flame (18/48)
 K - a wand of acid (0/15)
 M - a wand of digging (16/24)
Scrolls
 u - 3 scrolls of remove curse
 v - 2 scrolls of teleportation
Potions
 f - 4 potions of cancellation
 i - 2 potions of haste
 m - 3 potions of heal wounds
 n - a potion of berserk rage {unknown}
 s - a potion of might {unknown}
 A - 5 potions of curing
 F - a potion of brilliance {unknown}
Books
 b - a book of Conjurations

   Spells                             Type                      Level
   a - Magic Dart                     Conjuration                  1
   b - Searing Ray                    Conjuration                  2
   c - Dazzling Spray                 Conjuration/Hexes            3
   d - Fulminant Prism                Conjuration/Hexes            4
   e - Iskenderun's Mystic Blast      Conjuration                  4
   f - Iskenderun's Battlesphere      Conjuration/Charms           5
 y - a book of Summonings

   Spells                             Type                      Level
   a - Recall                         Summoning/Translocation      3
   b - Aura of Abjuration             Summoning                    5
   c - Summon Demon                   Summoning                    5
   d - Summon Forest                  Summoning/Translocation      5
   e - Summon Mana Viper              Hexes/Summoning              5
   f - Shadow Creatures               Summoning                    6
 E - a book of the Dragon

   Spells                             Type                      Level
   a - Flame Tongue                   Conjuration/Fire             1
   b - Cause Fear                     Hexes                        4
   c - Bolt of Fire                   Conjuration/Fire             6
   d - Dragon Form                    Transmutation                7
   e - Dragon's Call                  Summoning                    9
 L - a book of Enchantments

   Spells                             Type                      Level
   a - Cause Fear                     Hexes                        4
   b - Yara's Violent Unravelling     Hexes/Transmutation          5
   c - Silence                        Hexes/Air                    5
   d - Deflect Missiles               Charms/Air                   6
   e - Haste                          Charms                       6
   f - Discord                        Hexes                        8
Miscellaneous
 a - a box of beasts
Comestibles
 c - 5 bread rations
 d - a beef jerky
 o - 3 meat rations
 I - a royal jelly


   Skills:
 - Level 2.4(1.8) Dodging
 - Level 2.4(1.8) Stealth
 + Level 13.7(12.9) Spellcasting
 + Level 14.4(13.6) Conjurations
 - Level 10.5(9.8) Charms
 + Level 7.1(6.5) Fire Magic


You had 20 spell levels left.
You knew the following spells:

 Your Spells              Type           Power        Failure   Level  Hunger
a - Magic Dart            Conj           ####         0%          1    None
b - Searing Ray           Conj           ######       1%          2    None
c - Iskenderun's Mystic   Conj           ######..     1%          4    None
d - Iskenderun's Battles  Conj/Chrm      ######..     1%          5    ###....
e - Bolt of Fire          Conj/Fire      ######....   3%          6    #####..


Dungeon Overview and Level Annotations

Branches:
Dungeon (13/15)              Lair (2/6) D:8             Orc (0/2) D:12
 Temple: D:4-7        Swamp: Lair:2-4    Shoals: Lair:2-4     Snake: Lair:2-4
 Spider: Lair:2-4    Vaults: D:13-14

Altars:
Elyvilon
Hepliaklqana
Kikubaaqudgha
Okawaru
Vehumet
Xom
Yredelemnul
Zin

Shops:
D:12 *

Annotations:
D:5 PurpleRed's ghost, weakling DECj
Lair:2 Nergalle


Innate Abilities, Weirdness & Mutations

You have sharp fingernails.
You are resistant to hostile enchantments. (MR+)


Message History

Aim: Nergalle, wielding a dagger and wearing a glowing robe (moderately wounded)
The magic dart hits Nergalle.
Nergalle is moderately wounded.
Your battlesphere fires!
The barrage of energy hits Nergalle.
Nergalle is heavily wounded.
Casting: Magic Dart
Confirm with . or Enter, or press ? or * to list all spells.
Aiming: Magic Dart
Press: ? - help, Shift-Dir - straight line, f/p - Nergalle
Aim: Nergalle, wielding a dagger and wearing a glowing robe (heavily wounded)
The magic dart hits Nergalle.
Nergalle is heavily wounded.
You feel sick.
Your battlesphere fires!
The barrage of energy hits Nergalle.
Nergalle is severely wounded.
Nergalle gestures at you while chanting.
The bolt of negative energy hits you!
You feel drained.
You die...

#........... .......#.##
#.#......... ..........#
#...........
..F.......###...........
........................
.....o..............#...
....................P...
#.......................
#...*@...............#
#.##................†#.
##..#...............
#...............)..
##..#..............
##.#####P......... ###
####....... #.#####†. ##
#...


You could see Nergalle, a spiny frog and a friendly battlesphere.

Vanquished Creatures
  3 hydras
  A death yak (Lair:2)
  The ghost of Ultraviolent4 the Zephyrmancer, a novice TeSu of Sif Muna (Lair:2)
  An unseen horror (D:11)
  3 hill giants
  2 cyclopes
  A manticore (D:11)
  An elephant (D:8)
  Maurice (D:9)
  A torpor snail (Lair:2)
  Psyche (D:8)
  A spiny frog (Lair:1)
  A kobold demonologist (D:9)
  A queen bee (D:9)
  3 blink frogs (Lair:1)
  2 hippogriffs
  A wyvern (D:11)
  10 yaks
  A mottled dragon (D:12)
  4 water moccasins
  3 orc warriors
  3 sky beasts
  An ice beast (D:4)
  2 wasps
  A boggart (D:9)
  3 phantoms
  3 centaurs
  5 ogres
  2 crocodiles (D:8)
  Blork the orc (D:6)
  6 bullfrogs
  A big kobold (D:9)
  A wyvern skeleton (D:9)
  A scorpion (D:4)
  6 killer bees
  A howler monkey (D:5)
  2 electric eels (Lair:1)
  3 crimson imps
  2 bullfrog zombies
  2 jellies
  3 hounds
  4 orc wizards
  4 orc priests
  A bullfrog skeleton (D:5)
  A centaur skeleton (D:4)
  3 iguanas
  5 worker ants
  4 gnolls (D:6)
  8 adders
  6 river rats (Lair:1)
  A shadow imp (D:8)
  An adder zombie (D:5)
  2 worms
  A dart slug (D:4)
  A leopard gecko (D:9)
  13 orcs
  3 giant cockroaches
  7 goblins
  2 hobgoblins
  4 jackals (D:6)
  A frilled lizard (D:2)
  6 kobolds
  A quokka skeleton (D:8)
  A rat (D:2)
  A spectral orc (D:6)
  2 fungi (Lair:1)
175 creatures vanquished.

Vanquished Creatures (collateral kills)
  A wraith (D:12)
  An ice beast (D:12)
  A crocodile (D:12)
  3 river rats (Lair:1)
6 creatures vanquished.

Grand Total: 181 creatures vanquished

Notes
Turn   | Place    | Note
-------+----------+-------------------------------------------
     0 | D:1      | PurpleRed the Deep Elf Conjurer began the quest for the Orb.
     0 | D:1      | Reached XP level 1. HP: 10/10 MP: 6/6
    65 | D:2      | Reached XP level 2. HP: 15/15 MP: 1/8
    70 | D:2      | Learned a level 2 spell: Searing Ray
   163 | D:2      | Found a faded altar of an unknown god.
   195 | D:1      | Reached skill level 5 in Conjurations
   307 | D:3      | Reached XP level 3. HP: 19/19 MP: 2/10
   378 | D:4      | Noticed a phantom
   446 | D:4      | Reached XP level 4. HP: 7/24 MP: 0/12
   546 | D:4      | Reached skill level 5 in Spellcasting
   546 | D:4      | Reached skill level 6 in Conjurations
   546 | D:4      | Reached XP level 5. HP: 18/28 MP: 2/14
   553 | D:4      | Learned a level 4 spell: Iskenderun's Mystic Blast
   559 | D:4      | Learned a level 5 spell: Iskenderun's Battlesphere
   567 | D:4      | Found a radiant altar of Vehumet.
   576 | D:4      | Became a worshipper of Vehumet
   626 | D:5      | Entered Level 5 of the Dungeon
   643 | D:5      | Noticed a phantom
   657 | D:5      | Killed a phantom
   657 | D:5      | Reached skill level 1 in Charms
   694 | D:5      | Noticed an ice beast
   747 | D:5      | Reached XP level 6. HP: 15/32 MP: 2/16
   796 | D:5      | Noticed an ice beast
   797 | D:5      | Noticed PurpleRed's ghost (weakling DECj)
   850 | D:4      | Killed an ice beast
   850 | D:4      | Reached skill level 7 in Conjurations
   912 | D:5      | Found an iron altar of Okawaru.
  1038 | D:6      | Noticed an orc warrior
  1051 | D:6      | Reached XP level 7. HP: 24/36 MP: 12/18
  1092 | D:6      | Found a basalt altar of Yredelemnul.
  1170 | D:6      | Reached skill level 8 in Conjurations
  1339 | D:6      | Noticed Blork the orc
  1347 | D:6      | Killed Blork the orc
  1413 | D:7      | Reached skill level 5 in Charms
  1469 | D:8      | Noticed a yak
  1480 | D:8      | Reached XP level 8. HP: 41/41 MP: 12/20
  1492 | D:8      | Noticed an elephant
  1502 | D:8      | Reached skill level 9 in Conjurations
  1507 | D:8      | Killed an elephant
  1514 | D:8      | Reached * piety under Vehumet
  1514 | D:8      | Offered knowledge of Sandblast by Vehumet.
  1519 | D:8      | Found a staircase to the Lair.
  1669 | D:7      | Found a glowing silver altar of Zin.
  1675 | D:7      | Reached skill level 10 in Conjurations
  1743 | D:8      | Reached XP level 9. HP: 33/45 MP: 4/23
  1947 | D:9      | Found a hazy altar of Hepliaklqana.
  1968 | D:9      | Noticed a queen bee
  1973 | D:9      | Killed a queen bee
  1973 | D:9      | Reached skill level 11 in Conjurations
  1988 | D:9      | Found a shimmering altar of Xom.
  1988 | D:9      | Found a white marble altar of Elyvilon.
  2049 | D:9      | Offered knowledge of Throw Frost by Vehumet.
  2053 | D:9      | Reached ** piety under Vehumet
  2093 | D:9      | Noticed a kobold demonologist
  2135 | D:9      | Noticed Maurice
  2142 | D:9      | Gained mutation: You have sharp fingernails. [mutagenic meat]
  2145 | D:9      | Gained mutation: You are resistant to hostile enchantments. (MR+) [mutagenic meat]
  2186 | D:9      | Killed Maurice
  2186 | D:9      | Reached skill level 10 in Spellcasting
  2197 | D:9      | Killed a kobold demonologist
  2212 | D:9      | Noticed a deep elf knight
  2259 | D:9      | Noticed a green ugly thing
  2371 | D:10     | Entered Level 10 of the Dungeon
  2372 | D:10     | Noticed a cyclops
  2385 | D:10     | Reached XP level 10. HP: 48/50 MP: 18/26
  2390 | D:10     | Reached skill level 12 in Conjurations
  2395 | D:10     | Killed a cyclops
  2468 | D:11     | Noticed a five-headed hydra
  2468 | D:11     | Noticed a four-headed hydra
  2496 | D:11     | Found an ancient bone altar of Kikubaaqudgha.
  2579 | D:11     | Killed a four-headed hydra
  2579 | D:11     | Reached skill level 10 in Charms
  2584 | D:11     | Killed a five-headed hydra
  2621 | D:11     | Learned a level 6 spell: Bolt of Fire
  2696 | D:11     | Noticed a cyclops
  2701 | D:11     | Killed a cyclops
  2701 | D:11     | Reached skill level 13 in Conjurations
  2701 | D:11     | Reached skill level 1 in Fire Magic
  2753 | D:11     | Offered knowledge of Throw Flame by Vehumet.
  2828 | D:12     | Noticed a hill giant
  2838 | D:12     | Killed a hill giant
  2877 | D:12     | Found Bschanaag's Bounteous Boutique.
  2880 | D:12     | Noticed a hill giant
  2920 | D:12     | Killed a hill giant
  2920 | D:12     | Reached XP level 11. HP: 47/54 MP: 2/28
  2925 | D:12     | Reached *** piety under Vehumet
  2998 | D:13     | Noticed a centaur warrior
  3019 | D:11     | Noticed an unseen horror
  3023 | D:11     | Killed an unseen horror
  3255 | D:11     | Noticed a hill giant
  3272 | D:11     | Killed a hill giant
  3272 | D:11     | Reached skill level 5 in Fire Magic
  3359 | D:9      | Offered knowledge of Force Lance by Vehumet.
  3369 | D:9      | Noticed a fire crab
  3424 | D:8      | Noticed Psyche
  3425 | D:8      | Killed Psyche
  3453 | Lair:1   | Entered Level 1 of the Lair of Beasts
  3458 | Lair:1   | Reached skill level 14 in Conjurations
  3660 | Lair:1   | Reached **** piety under Vehumet
  3687 | Lair:2   | Noticed Ultraviolent4's ghost (novice TeSu)
  3698 | Lair:2   | Noticed an eight-headed hydra
  3708 | Lair:2   | Killed an eight-headed hydra
  3715 | Lair:2   | Noticed a death yak
  3731 | Lair:2   | Killed a death yak
  3881 | Lair:2   | Killed Ultraviolent4's ghost
  3881 | Lair:2   | Reached XP level 12. HP: 31/59 MP: 11/31
  3905 | Lair:2   | Noticed Nergalle
  3910 | Lair:2   | Killed from afar by Nergalle

Vault maps used:
D:1:      dpeg_arrival_fog, hex_intersection
D:2:      first_bread, ecumenical_altar_2, uniq_robin
D:3:      fedhas_altar_3, lemuel_another_geyser, uniq_grinder
D:4:      kennysheep_slugbush, lemuel_coloured_pillars_altar,
          minmay_misc_feat_doors, uniq_menkaure
D:5:      kennysheep_okawaru_gauntlet, uniq_eustachio, uniq_duvessa
D:6:      yredelemnul_forgotten_temple_becter, uniq_blork_the_orc
D:7:      overflow_temple_1_default, serial_shops, shop
D:8:      david_lair_generic, uniq_psyche
D:9:      minmay_chopped_fan, overflow_temple_1_default,
          gammafunk_temple_overflow_wave, david_nohive_1, uniq_maurice
D:10:     serial_shops, nicolae_shop_stone, nicolae_transmutations_shop,
          uniq_erolcha
D:11:     david_defended_altar_elf
D:12:     kennysheep_orc_monster_closet_entryway, nicolae_alphabet_shops,
          corexii_corridor_pit
D:13:     enter_trove_1
Lair:1:   cheibrodos_lair_reptile_den, infiniplex_staircase_pool_2
Lair:2:   minmay_shoals_entry_centaurs, serial_bayou_shore_a, lemuel_fruit_tree,
          uniq_nergalle

Skill      XL: |  1  2  3  4  5  6  7  8  9 10 11 |
---------------+----------------------------------+-----
Conjurations   | 5 6 7 8 10 11 13 14 | 14.4
Spellcasting   | 4 5 6 7 8 10 11 13 | 13.7
Charms         | 2 3 5 7 9 10 | 10.5
Fire Magic     | 3 7 |  7.1
Dodging        | |  2.4
Stealth        | |  2.4

Action                   |  1- 3 |  4- 6 |  7- 9 | 10-12 || total
-------------------------+-------+-------+-------+-------++-------
Melee: Short sword       |     4 |       |       |       ||     4
       Club              |     1 |       |       |       ||     1
       Great sword       |       |    18 |    26 |       ||    44
       War axe           |       |       |    12 |    17 ||    29
       Staff             |       |       |       |     1 ||     1
       Unarmed           |       |       |       |     1 ||     1
 Cast: Magic Dart        |    29 |    23 |    80 |   107 ||   239
       Searing Ray       |     5 |     8 |    13 |     6 ||    32
       Iskenderun's Myst |       |     2 |     2 |    20 ||    24
       Iskenderun's Batt |       |       |    18 |    25 ||    43
       Bolt of Fire      |       |       |       |    11 ||    11
Evoke: Wand              |       |       |     2 |     4 ||     6
       Box of beasts     |       |       |       |     2 ||     2
  Use: Scroll            |       |     7 |     2 |     8 ||    17
       Potion            |       |       |       |     1 ||     1
 Stab: Sleeping          |       |       |     1 |       ||     1
  Eat: Chunk             |       |     1 |    10 |    12 ||    23
Armor: Robe              |       |     7 |     6 |    16 ||    29
Dodge: Dodged            |     9 |    17 |    54 |    54 ||   134
